 Dungeon Crawl Stone Soup version 0.23.2-33-g5129a83184 (webtiles) character file.

Game seed: 5830112093723735825

442 dragonscale333 the Skirmisher (level 7, -1/47 HPs)
             Began as a Gargoyle Gladiator on July 3, 2019.
             Slain by a hornet (2 damage)
             ... on level 4 of the Dungeon.
             The game lasted 00:05:41 (2967 turns).

dragonscale333 the Skirmisher (Gargoyle Gladiator)  Turns: 2967, Time: 00:05:42

Health: -1/47      AC: 15    Str: 19    XL:     7   Next: 2%
Magic:  7/7        EV: 12    Int:  9    God:
Gold:   131        SH:  0    Dex: 11    Spells: 6/6 levels left

rFire    . . .     SeeInvis .   l - +1 war axe (freeze)
rCold    . . .     Gourm    .   (no shield)
rNeg     + . .     Faith    .   b - +0 leather armour
rPois    ∞         Spirit   .   c - +0 helmet
rElec    +         Reflect  .   h - +0 cloak
rCorr    .         Harm     .   (no gloves)
MR       .....                  m - +2 pair of boots
Stlth    +.........             (no amulet)
HPRegen  0.15/turn              (no ring)
MPRegen  0.10/turn              (no ring)

@: no status effects
A: talons 1, yellow scales 1, negative energy resistance 1, electricity
resistance, unbreathing, petrification resistance, rot immunity, AC +4
a: no special abilities


You were on level 4 of the Dungeon.
You were not hungry.

You visited 1 branch of the dungeon, and saw 4 of its levels.

You collected 131 gold pieces.

Inventory:

Hand Weapons
 e - a +1 spear of flaming
 l - a +1 war axe of freezing (weapon)
Armour
 b - a +0 leather armour (worn)
 c - a +0 helmet (worn)
 h - a +0 cloak (worn)
 m - a +2 pair of boots (worn)
Wands
 j - a wand of digging (3)
Scrolls
 a - 2 scrolls of remove curse
 i - a scroll of fog
Potions
 g - a potion of cancellation
 o - a potion of flight
Comestibles
 f - 4 rations
 k - 4 chunks of flesh


   Skills:
 - Level 6.5 Fighting
 + Level 1.3(2.4) Axes
   Level 3.5(3.7) Maces & Flails
 - Level 1.7 Throwing
 - Level 3.1 Armour
 - Level 2.4 Dodging


You had 6 spell levels left.
You didn't know any spells.
Your spell library was empty.

Dungeon Overview and Level Annotations

Branches:
Dungeon (4/15)
 Temple: D:4-7

Altars:
Ashenzari
Okawaru
Trog
Wu Jian
Xom
Yredelemnul


Innate Abilities, Weirdness & Mutations

You are resistant to torment.
Your stone body is resilient. (AC +4)
You are immune to poison.
You resist negative energy. (rN+)
You are resistant to electric shocks. (rElec)
You can survive without breathing.
You are immune to petrification.
You are immune to rotting.
You have sharp toenails.
You are partially covered in yellow scales. (AC +2)


Message History

The hornet is heavily wounded.
You slash the jackal! You freeze the jackal.
You kill the jackal!
The hornet stings you! The hornet stings you. The hornet closely misses you.
Unknown command.
You closely miss the hornet.
The hornet is heavily wounded.
The hornet stings you!
* * * LOW HITPOINT WARNING * * *
The hornet stings you.
* * * LOW HITPOINT WARNING * * *
Unknown command.
Okay, then.
Okay, then.
You barely miss the hornet.
The hornet is moderately wounded.
The hornet stings you!
* * * LOW HITPOINT WARNING * * *
The hornet stings you.
You die...

............. #...........
. ## #.......... ..
..##......... .%.
............ ..# #.........
...#. ##.......h##......
..........@y.....(
.........###...... .....
.....##.## ..... .....
........####....... ....
.....................#.....
.........#.#...........# #.
#........###....##..... #
...........##......... ###
.................##..####..


You could see a hornet and a jackal.

Vanquished Creatures
  Sigmund (D:2)
  A gnoll shaman (D:4)
  An orc wizard (D:3)
  5 gnolls (D:4)
  5 adders
  An ooze (D:1)
  4 worms
  3 dart slugs
  2 leopard geckos (D:3)
  9 orcs
  5 giant cockroaches
  10 goblins
  7 hobgoblins
  11 jackals
  11 kobolds
  2 quokkas
  A ball python (D:3)
  11 bats
  5 frilled lizards
  5 rats
100 creatures vanquished.

Notes
Turn   | Place    | Note
-------+----------+-------------------------------------------
     0 | D:1      | dragonscale333 the Gargoyle Gladiator began the quest for
                  | the Orb.
     0 | D:1      | Reached XP level 1. HP: 12/12 MP: 1/1
   132 | D:1      | Reached XP level 2. HP: 16/17 MP: 2/2
   407 | D:1      | Reached skill level 3 in Fighting
   419 | D:1      | Reached XP level 3. HP: 19/23 MP: 3/3
   998 | D:2      | Noticed Sigmund
  1178 | D:1      | Reached skill level 4 in Fighting
  1178 | D:1      | Reached XP level 4. HP: 25/29 MP: 4/4
  1473 | D:2      | Gained mutation: You are partially covered in yellow
                  | scales. (AC +2) [potion of mutation]
  1473 | D:2      | Gained mutation: You have sharp toenails. [potion of
                  | mutation]
  1493 | D:2      | Killed Sigmund
  1493 | D:2      | Reached skill level 6 in Fighting
  1493 | D:2      | Reached XP level 5. HP: 23/37 MP: 5/5
  1493 | D:2      | Reached XP level 6. HP: 26/42 MP: 6/6
  2054 | D:3      | Reached skill level 1 in Armour
  2236 | D:3      | Found a shimmering altar of Xom.
  2240 | D:3      | Found an ornate altar of the Wu Jian Council.
  2240 | D:3      | Found a shattered altar of Ashenzari.
  2249 | D:3      | Found an iron altar of Okawaru.
  2254 | D:3      | Found a basalt altar of Yredelemnul.
  2390 | D:3      | Found a bloodstained altar of Trog.
  2875 | D:4      | Reached skill level 1 in Axes
  2878 | D:4      | Reached XP level 7. HP: 42/47 MP: 7/7
  2956 | D:4      | Noticed a hornet
  2967 | D:4      | HP: 1/47 [hornet (10)]
  2967 | D:4      | Slain by a hornet

Skill      XL: |  1  2  3  4  5  6 |
---------------+-------------------+-----
Fighting       | 3 4 6 |  6.5
Armour         | 3 |  3.1
Axes           | 1 |  1.3
Maces & Flails | |  3.5
Throwing       | |  1.7
Dodging        | |  2.4

Action                   |  1- 3 |  4- 6 |  7- 9 || total
-------------------------+-------+-------+-------++-------
Melee: Flail             |    10 |       |       ||    10
       Spear             |   110 |    23 |       ||   133
       War axe           |       |   126 |    14 ||   140
Throw: Throwing net      |       |     2 |     2 ||     4
  Use: Potion            |       |     4 |       ||     4
       Scroll            |       |     2 |       ||     2
 Stab: Sleeping          |     2 |       |       ||     2
  Eat: Chunk             |       |     5 |     2 ||     7
Armor: Leather armour    |    48 |    83 |    11 ||   142
       Skin              |       |     1 |       ||     1
Dodge: Dodged            |    82 |    85 |    13 ||   180
